 Dungeon Crawl Stone Soup version 0.27.0 (webtiles) character file.

Game seed: 11346029718734982787

67 Raultor the Skirmisher (level 3, -2/31 HPs)
             Began as a Demonspawn Gladiator on July 30, 2021.
             Slain by a goblin (5 damage)
             ... led by Robin
             ... on level 2 of the Dungeon.
             The game lasted 00:01:37 (1322 turns).

Raultor the Skirmisher (Demonspawn Gladiator)       Turns: 1322, Time: 00:01:37

Health: -2/31      AC:  7    Str: 15    XL:     3   Next: 98%
Magic:  3/3        EV: 11    Int:  9    God:
Gold:   32         SH:  0    Dex: 14    Spells: 2/2 levels left

rFire    . . .     SeeInvis .   a - +0 long sword
rCold    . . .     Faith    .   (no shield)
rNeg     . . .     Spirit   .   k - +0 ring mail
rPois    .         Reflect  .   c - +0 helmet
rElec    .         Harm     .   j - +0 cloak
rCorr    .         Rampage  .   (no gloves)
Will     .....                  (no boots)
Stlth    +.........             (no amulet)
HPRegen  0.10/turn              (no ring)
MPRegen  0.08/turn              (no ring)

@: no status effects
A: demonic guardian 1, powered by pain 1
a: no special abilities


You were on level 2 of the Dungeon.
You visited 1 branch of the dungeon, and saw 2 of its levels.

You collected 32 gold pieces.


Innate Abilities, Weirdness & Mutations

A weak demonic guardian rushes to your aid.
You sometimes gain a little power by taking damage.


   Skills:
 + Level 4.3 Fighting
 - Level 2.6 Long Blades
 - Level 1.7 Throwing
 - Level 2.6 Dodging


You had 2 spell levels left.
You didn't know any spells.
Your spell library was empty.

Inventory:

Hand Weapons
 a - a +0 long sword (weapon)
Missiles
 d - 3 throwing nets (quivered) {=f}
Armour
 b - a +0 leather armour
 c - a +0 helmet (worn)
 j - a +0 cloak (worn)
 k - a +0 ring mail (worn)
Scrolls
 h - a scroll of teleportation {unknown}
 i - a scroll of torment {unknown}
 l - a scroll of enchant weapon {unknown}
Potions
 e - a potion of curing {unknown}
 f - a potion of haste {unknown}
 g - a potion of resistance {unknown}

Dungeon Overview and Level Annotations

Branches:
Dungeon (2/15)

Altars:

# #. #. #.### #.# ##.##. ...
# #..... #.## .# #...##
#...#####.######..##.
#.@g....##.....#.g.
##.gg..####.# #..g#.
#...g5......###..##.
#.....g.)#####..###.
#.....g).....†..# #.
#......g######.####. #
#####.......g.gggg>.....
...##............###gg......
................####.......#


You could see 4 hobgoblins, 4 goblins and a friendly ufetubus (summoned).


Message History

A demonic guardian appears!
A goblin comes into view. It is wielding a +1 dagger of venom.
Your ufetubus hits Robin but does no damage.
Your ufetubus closely misses Robin.
The hobgoblin misses you.
You closely miss the goblin.
Your ufetubus barely misses Robin.
Your ufetubus hits Robin. The goblin hits you with a +0 dagger.
* * * LOW HITPOINT WARNING * * *
Your ufetubus hits Robin.
Your ufetubus barely misses Robin.
The hobgoblin closely misses you.
You riposte.
You closely miss the hobgoblin.
The hobgoblin is severely wounded.
The goblin barely misses you.
Your ufetubus barely misses Robin.
Your ufetubus hits Robin.
Robin roars a battlecry!
The goblins go into a battle-frenzy!
The goblin closely misses you.
You riposte.
You hit the goblin.
You kill the goblin!
Your ufetubus hits Robin.
Your ufetubus barely misses Robin.
Robin throws the goblin at your ufetubus!
Your ufetubus barely misses Robin.
Your ufetubus closely misses Robin.
The hobgoblin closely misses your ufetubus.
Your ufetubus hits Robin.
Your ufetubus hits Robin but does no damage.
Robin roars a battlecry!
The goblin goes into a battle-frenzy!
The goblin barely misses you.
Your ufetubus hits Robin.
Robin dies!
Your ufetubus barely misses the goblin. x2
The goblin hits you with a +0 club.
You die...

Skill      XL: |  1  2  3 |
---------------+----------+-----
Fighting       | 3 4 |  4.3
Long Blades    | |  2.6
Throwing       | |  1.7
Dodging        | |  2.6

Action                   || total
-------------------------++-------
Melee: Long sword        ||   104
 Stab: Sleeping          ||     1
Armor: Leather armour    ||    39
       Ring mail         ||     3
Dodge: Dodged            ||    80
       Rpst.: Long sword ||    28

Levels and vault maps discovered:
D:1:      lightli_arrival_windingriver, layout_loops_ring
D:2:      layout_rooms, solitary_fountain, minmay_tiny_reverse_x, uniq_robin

Notes
Turn   | Place    | Note
-------+----------+-------------------------------------------
     0 | D:1      | Raultor the Demonspawn Gladiator began the quest for the
                  | Orb.
     0 | D:1      | Reached XP level 1. HP: 16/16 MP: 1/1
   217 | D:1      | Gained mutation: You sometimes gain a little power by
                  | taking damage. [demonic ancestry]
   217 | D:1      | Reached XP level 2. HP: 12/23 MP: 2/2
   541 | D:1      | Reached skill level 3 in Fighting
  1066 | D:2      | Gained mutation: A weak demonic guardian rushes to your
                  | aid. [demonic ancestry]
  1066 | D:2      | Reached XP level 3. HP: 29/29 MP: 3/3
  1214 | D:2      | Reached skill level 4 in Fighting
  1312 | D:2      | Noticed Robin
  1317 | D:2      | HP: 3/30 [goblin[Robin] (3)]
  1321 | D:2      | Killed Robin
  1322 | D:2      | Slain by a goblin

Vanquished Creatures
  2 adders (D:2)
  A dart slug (D:1)
  2 ball pythons (D:2)
  4 endoplasms
  2 giant cockroaches
  3 goblins (D:2)
  3 hobgoblins
  3 jackals (D:1)
  6 kobolds
  4 quokkas (D:1)
  3 bats
  2 frilled lizards (D:2)
35 creatures vanquished.

Vanquished Creatures (collateral kills)
  Robin (D:2)
  A rat (D:2)
2 creatures vanquished.

Grand Total: 37 creatures vanquished

Table legend: (Time is in decaauts)
 A = Elapsed time spent in this place.
 B = Non-inter-level travel time spent in this place.
 C = Inter-level travel time spent in this place.
 D = Time resting spent in this place.
 E = Time spent auto-exploring this place.
 F = Levels seen in this place.
 G = Mean time per level.
                   A        B        C        D        E       F      G
               +--------+--------+--------+--------+--------+-----+--------+
         Total |   1351 |   1298 |     53 |      0 |   1039 |   2 |  675.5 |
       Dungeon |   1351 |   1298 |     53 |      0 |   1039 |   2 |  675.5 |
               +--------+--------+--------+--------+--------+-----+--------+

Top non-repeatable levels by time:
     D:1: 1068 daAuts
     D:2: 282 daAuts

Table legend:
 A = Non-vault XP
 B = Vault XP
 C = Vault XP percentage of total XP
 D = Non-vault monster count
 E = Vault monster count
 F = Vault count percentage of total count
                 A         B        C        D         E       F
            +---------+---------+-------+---------+---------+-------
      Total |      85 |      11 |  11.5 |      34 |       3 |   8.1
            +---------+---------+-------+---------+---------+-------
        D:1 |      35 |       0 |   0.0 |      18 |       0 |   0.0
        D:2 |      50 |      11 |  18.0 |      16 |       3 |  15.8
            +---------+---------+-------+---------+---------+-------
